Map: Terrasses de Prion

Players

Azergalypse

  • Race: Zerg Zerg
  • League: Diamond

Worming - Winner!

  • Race: Zerg Zerg
  • League: Diamond

VOD

Have the link to the VOD?

Description

Time

  • Played on: Dec. 16, 2015, 12:22 p.m.
  • Length: 7:46
Show
View Real Time Build Order
Export as new Build Order

Azergalypse Zerg 

Build Orders: Hatch First 

Get SALT Encoding   

  12  0:01  Drone  
  13  0:12  Overlord  
  13  0:17  Drone  
  14  0:30  Drone x2  
  16  0:50  Hatchery  
  16  0:53  Drone  
  16  0:56  Extractor  
  15  1:02  Drone  
  16  1:15  Spawning Pool  
  15  1:22  Drone  
  16  1:27  Drone  
  16  1:30  Drone  
  18  1:38  Overlord  
  18  2:02  Metabolic Boost  
  18  2:03  Zergling x4  
  18  2:04  Zergling x2  
  21  2:19  Queen  
  23  2:28  Queen  
  25  2:32  Drone  
  25  2:33  Drone  
  27  2:39  Baneling Nest  
  27  2:42  Drone  
  27  2:58  Drone x4  
  30  3:01  Overlord  
  30  3:04  Drone  
  32  3:14  Overlord  
  32  3:29  Extractor, Roach Warren  
  32  3:30  Drone  
  32  3:31  Drone  
  31  3:34  Zergling x2  
  31  3:35  Zergling x8  
  36  3:41  Zergling x6  
  36  3:42  Zergling x2  
  40  3:54  Baneling x4  
  38  4:03  Overlord  
  33  4:20  Zergling x2  
  33  4:24  Roach x5  
  33  4:25  Roach x2  
  39  4:50  Roach  
  39  4:51  Roach x2  
  42  5:04  Roach x2  
  46  5:15  Roach x2  
  50  5:24  Baneling x6  
  50  5:31  Drone  
  51  5:40  Roach  
  52  5:47  Roach x2  
  50  6:00  Roach x2  
  29  6:52  Drone  
  29  6:53  Drone x7  
  37  7:02  Ravager  
  38  7:11  Ravager x3  
  41  7:19  Roach  
Show
View Real Time Build Order
Export as new Build Order

Worming Zerg - Winner!

Build Orders: Hatch First, Zergling Baneling 

Get SALT Encoding   

  12  0:01  Drone  
  13  0:12  Overlord  
  13  0:17  Drone  
  14  0:31  Drone  
  14  0:32  Drone  
  14  0:34  Drone  
  17  0:51  Hatchery  
  17  0:55  Drone  
  17  1:04  Drone, Extractor  
  17  1:16  Spawning Pool  
  17  1:17  Drone  
  17  1:21  Drone  
  18  1:33  Drone  
  19  1:46  Overlord  
  19  2:02  Queen  
  19  2:03  Zergling x4  
  19  2:04  Queen  
  19  2:06  Zergling x2  
  26  2:13  Baneling Nest  
  25  2:27  Metabolic Boost  
  25  2:33  Drone x5  
  30  2:37  Drone  
  31  3:00  Zergling x6  
  31  3:01  Overlord  
  34  3:14  Overlord  
  34  3:16  Drone x2  
  36  3:24  Drone x4  
  40  3:40  Baneling x7  
  40  3:42  Zergling x2  
  40  3:43  Zergling x6  
  44  3:59  Baneling  
  44  4:00  Baneling, Zergling x6  
  44  4:01  Zergling x2  
  44  4:23  Zergling x2  
  44  4:24  Zergling x12  
  47  4:29  Overlord  
  45  4:33  Spine Crawler  
  44  4:44  Zergling x8  
  44  4:54  Zergling x2  
  45  5:05  Drone x5  
  46  5:18  Overlord, Spine Crawler  
  46  5:19  Queen x2, Overlord  
  46  5:20  Zergling x4, Roach Warren  
  50  5:24  Extractor x2  
  47  5:40  Spine Crawler  
  47  5:42  Spine Crawler x2  
  33  6:05  Roach x5  
  33  6:06  Roach x3  
  45  6:20  Roach  
  45  6:21  Roach x3  
  37  6:49  Zergling x12  
  43  6:58  Zergling x2  
  43  6:59  Zergling x4  
  46  7:16  Baneling x4  
Tags
 
Add a new tag
Caveats
  • Supply blocks, unpowered buildings, or Contaminate may cause inaccurate times.
  • Supply counts are checked every 10 seconds.